AoeStats
← 俄佐立仲裁者泰菲力

Fortress

508213502Analyzed
4v4 RM · 12d ago on Sep 21, 2026· 35m 22s· 8 players
Game mode
Random Map
Map size
Huge
Population
200
Speed
Normal
Resources
Standard
Victory
Conquest
Starting age
Dark Age
Ending age
Imperial Age
RankedLock teamsTeams togetherTeam positionsShared explorationLock speedFull tech treeHidden civsTurbo modeCheats
Victory
Defeat
🇭🇰 Gurjaras · Hong Kong SAR China
1708
+8
🇦🇺 Malay · Australia
1592
+12
🇨🇳 Bengalis · China
1449
+18
🇨🇳 Inca · China
1412
+20
🇨🇴 Burmese · Colombia
1522
-15
🇦🇷 Hindustanis · Argentina
1517
-15
🇭🇰 Magyars · Hong Kong SAR China
1511
-15
🇨🇿 Chinese · Czechia
1481
-13
_
7:44 Feudal Age
11:30 Castle Age
9:25 Double-Bit Axe
12:35 Bow Saw
13:29 Loom
14:39 Horse Collar
15:56 Wheelbarrow
15:44 Heavy Plow
20:20 Gold Mining
26:17 Imperial Age
23:52 Stone Mining
24:43 Gold Shaft Mining
24:45 Hand Cart
24:37 Corvinian Army
24:46 Scale Barding Armor
25:47 Chain Barding Armor
26:13 Bloodlines
27:31 Conscription
26:32 Elite Magyar Huszar
28:24 Plate Barding Armor
27:53 Husbandry
28:49 Pikeman
29:31 Scale Mail Armor
30:39 Crop Rotation
30:33 Halberdier
31:30 Chain Mail Armor
32:51 Two-Man Saw
32:34 Fletching
33:51 Bodkin Arrow
倒挂着的树枝
6:30 Feudal Age
11:13 Castle Age
9:11 Double-Bit Axe
12:39 Bow Saw
12:18 Horse Collar
13:26 Heavy Plow
17:54 Loom
23:16 Fletching
30:49 Gold Mining
32:30 Wheelbarrow
34:56 Imperial Age
33:09 Bloodlines
32:59 Husbandry
33:25 Scale Barding Armor
34:14 Hand Cart
34:58 Forging
34:59 Heavy Camel Rider
polom.s1989
0:46 Loom
8:52 Feudal Age
13:52 Castle Age
12:00 Fletching
12:14 Gold Mining
12:13 Double-Bit Axe
12:14 Horse Collar
14:23 Padded Archer Armor
18:08 Bodkin Arrow
18:29 Leather Archer Armor
22:52 Wheelbarrow
26:24 Imperial Age
26:26 Ballistics
27:16 Heavy Plow
29:42 Chemistry
28:52 Bracer
31:25 Forging
31:15 Scale Mail Armor
33:15 Iron Casting
34:38 Chain Mail Armor
dialchacri
7:37 Feudal Age
11:34 Castle Age
9:45 Horse Collar
15:30 Loom
18:35 Wheelbarrow
22:22 Hand Cart
25:00 Heavy Plow
27:38 Imperial Age
25:26 Bloodlines
25:17 Husbandry
25:39 Padded Archer Armor
26:46 Scale Barding Armor
26:52 Forging
28:47 Conscription
27:48 Elite Arambai
28:12 Capped Ram
30:39 Chain Barding Armor
29:41 Light Cavalry
33:05 Plate Barding Armor
33:05 Iron Casting
32:30 Hussar
金戈铁鸡
7:24 Feudal Age
8:58 Double-Bit Axe
11:16 Castle Age
9:10 Horse Collar
12:21 Bow Saw
12:08 Fletching
18:26 Padded Archer Armor
21:51 Leather Archer Armor
27:56 Wheelbarrow
27:57 Scale Barding Armor
31:27 Imperial Age
28:46 Loom
30:26 Hand Cart
30:17 Elite Skirmisher
32:08 Bodkin Arrow
33:00 Bracer
33:49 Ring Archer Armor
34:22 Chemistry
34:17 Ballistics
cardinals
8:16 Feudal Age
11:56 Castle Age
10:01 Double-Bit Axe
10:33 Horse Collar
11:44 Bow Saw
16:57 Heavy Plow
18:11 Wheelbarrow
19:29 Loom
21:30 Town Watch
22:01 Hand Cart
26:07 Imperial Age
24:16 Scale Barding Armor
24:25 Gold Mining
24:25 Stone Mining
25:23 Forging
25:21 Husbandry
25:48 Elite Battle Elephant
26:50 Conscription
27:23 Iron Casting
27:58 Chemistry
31:20 Siege Engineers
31:37 Ballistics
32:18 Blast Furnace
31:09 Fletching
33:17 Caravan
34:36 Forced Levy
34:33 Bodkin Arrow
34:13 Man-at-Arms
34:53 Squires
34:39 Arson
35:22 Treadmill Crane
35:52 Masonry
35:05 Long Swordsman
Happy Pig
7:00 Feudal Age
8:29 Loom
11:19 Castle Age
9:53 Double-Bit Axe
15:29 Horse Collar
16:55 Bow Saw
19:04 Wheelbarrow
19:14 Heavy Plow
19:08 Gold Mining
25:52 Imperial Age
23:39 Hand Cart
23:09 Town Watch
23:00 Champi Runner
23:40 Squires
23:47 Scale Mail Armor
25:07 Chain Mail Armor
25:02 Forging
24:22 Pikeman
24:23 Champi Warrior
24:49 Arson
26:30 Gold Shaft Mining
26:17 Fortified Wall
27:17 Iron Casting
27:06 Conscription
26:14 Elite Champi Warrior
26:35 Halberdier
28:03 Plate Mail Armor
29:28 Blast Furnace
29:04 Fabric Shields
30:16 Fletching
32:51 Coinage
33:15 Crop Rotation
32:36 Stone Mining
33:54 Masonry
34:39 Banking
俄佐立仲裁者泰菲力
7:39 Feudal Age
8:45 Double-Bit Axe
9:07 Horse Collar
11:31 Castle Age
13:03 Bow Saw
13:14 Heavy Plow
13:42 Loom
17:07 Town Watch
18:11 Wheelbarrow
20:01 Scale Barding Armor
20:18 Gold Mining
20:18 Stone Mining
21:15 Forging
22:29 Bloodlines
22:53 Husbandry
24:05 Hand Cart
23:50 Town Patrol
28:04 Imperial Age
26:03 Town Patrol
25:58 Fletching
27:22 Chain Barding Armor
27:38 Iron Casting
27:28 Bodkin Arrow
28:28 Gold Shaft Mining
28:28 Stone Shaft Mining
29:36 Plate Barding Armor
29:24 Conscription
29:40 Hoardings
28:35 Heavy Camel Rider
29:47 Herbal Medicine
29:57 Bracer
29:29 Sappers
30:45 Padded Archer Armor
30:45 Scale Mail Armor
30:52 Kshatriyas
31:34 Siege Elephant
32:01 Light Cavalry
32:58 Leather Archer Armor
33:18 Coinage
33:25 Masonry
33:11 Murder Holes
33:57 Frontier Guards
34:10 Thumb Ring
35:45 Banking
35:15 Caravan
35:53 Ballistics
Connection lost

Rejoining the realm…

Still unreachable

The connection could not be restored.

Session expired

The server has moved on; the page needs a fresh start.